Blues vs Canucks (R2)

Created - January 10, 2021 at 19:22

Goals
1 2 3 T
Blues 2 1 0 3
Canucks 2 0 0 2
Shots
1 2 3 T
Blues 9 10 5 24
Canucks 12 13 8 33

1st period

1. Canucks , Ryane Clowe 1 (Jamie McBain 33, James Wright 8) at 2:08
2. Canucks , Jason Akeson 7 (James Wright 9, Jonathan Blum 4) at 5:23
3. Blues , Vincent Lecavalier 3 (Jimmy Vesey 1, Cody Ceci 10) at 16:01
4. Blues , Ryan Murray 2 (David Perron 16, Nicklas Backstrom 30) at 16:33

Penalties :
Alex Pietrangelo (STL) for Holding (Minor) at 5:40, Robert Nilsson (Van) for Holding (Minor) at 8:45, Cody Ceci (STL) for Hooking (Minor) at 12:22, David Perron (STL) for Hooking (Minor) at 17:47

2nd period

5. Blues , Filip Forsberg 9 (Ryan O'Reilly 19, Sergei Shirokov 8) at 18:22

Penalties :
Jake Gardiner (STL) for Holding (Minor) at 0:19, Robert Nilsson (Van) for Hooking (Minor) at 2:16, Robert Nilsson (Van) for Holding (Minor) at 5:34, Filip Forsberg (STL) for Hooking (Minor) at 14:00

3rd period

No Goal

Penalties :
Sergei Shirokov (STL) for Tripping (Minor) at 4:55, James Wright (Van) for Elbowing (Minor) at 7:36, Anthony Mantha (STL) for Holding (Minor) at 17:39

Goalie Stats

Carey Price (STL), 31 saves from 33 shots - (0.939), W, 18-7-4, 60:00 minutes
Jacob Markstrom (Van), 21 saves from 24 shots - (0.875), L, 6-14-3, 59:54 minutes

Players Stats for Blues

Player Name              G  A  P  +/- PIM S  H  SB GA TA FO     MP     PP MP  PK MP  
------------------------------------------------------------------------------------
Alex Pietrangelo         0  0  0   1  2   3  0  0  1  0  0/0    22:13   4:56   0:00 
Anthony Mantha           0  0  0  -1  2   0  0  0  0  0  0/0     9:51   0:00   0:00 
Cody Ceci                0  1  1   0  2   1  0  3  0  1  0/0    16:38   0:47   6:21 
David Perron             0  1  1   0  2   5  2  1  1  0  1/2    20:29   3:39   4:07 
Drew Shore               0  0  0  -1  0   2  0  0  0  0  9/19   17:26   0:00   7:22 
Fabian Brunnstrom        0  0  0  -1  0   1  1  1  0  1  0/0    10:32   0:00   0:59 
Filip Forsberg           1  0  1   1  2   2  2  0  0  0  1/1    14:35   3:56   1:53 
Gustav Nyquist           0  0  0   1  0   0  0  0  0  0  0/1     6:57   0:16   0:00 
Jake Gardiner            0  0  0  -1  2   1  3  0  0  0  0/0    24:39   4:28   5:16 
Jimmy Vesey              0  1  1   1  0   0  0  1  0  0  0/0     6:39   0:00   0:00 
Jordan Eberle            0  0  0   0  0   1  1  2  1  0  1/2    24:29   3:59   8:07 
Nicklas Backstrom        0  1  1   0  0   2  3  0  1  2  16/26  16:08   4:15   0:00 
Ryan Murray              1  0  1   2  0   3  0  2  0  0  0/0    24:36   2:34   6:36 
Ryan O'Reilly            0  1  1   1  0   0  0  0  1  0  4/9    18:32   3:39   5:14 
Sergei Shirokov          0  1  1   1  2   0  4  0  0  0  0/0    12:51   3:39   0:00 
Shayne Gostisbehere      0  0  0   0  0   0  0  0  0  1  0/0    12:17   3:22   1:42 
Vincent Lecavalier       1  0  1   1  0   2  0  0  0  0  2/4     6:39   0:00   0:00 
Yann Sauvé               0  0  0   0  0   1  1  3  1  1  0/0    20:29   0:00   7:47 

Players Stats for Canucks

Player Name              G  A  P  +/- PIM S  H  SB GA TA FO     MP     PP MP  PK MP  
------------------------------------------------------------------------------------
Andy Rogers              0  0  0  -2  0   2  0  1  0  1  0/0    21:01   4:50   3:29 
Brandon Sutter           0  0  0  -2  0   2  0  0  0  1  6/16   20:07   6:22   3:27 
Daniel Sedin             0  0  0  -2  0   1  2  0  0  1  0/0    20:27   6:15   2:31 
Dennis Everberg          0  0  0   0  0   0  0  0  0  0  2/6     3:47   0:42   0:09 
Drew Fata                0  0  0   0  0   1  0  1  1  1  0/0    28:56   9:01   4:25 
James Wright             0  2  2   2  2   3  1  0  2  0  4/9    13:40   0:00   3:00 
Jamie McBain             0  1  1   0  0   3  3  1  0  0  0/0    28:56   9:01   4:25 
Jason Akeson             1  0  1   2  0   2  1  0  0  1  0/0     9:39   0:19   0:00 
Jeremy Morin             0  0  0  -2  0   4  1  0  0  0  0/0    16:40   6:22   0:00 
Jonathan Blum            0  1  1   1  0   0  1  0  0  0  0/0    10:03   0:00   0:00 
Lane MacDermid           0  0  0   0  0   2  0  0  0  0  0/0     5:56   0:00   0:21 
Loui Eriksson            0  0  0  -1  0   2  1  0  1  1  0/0    20:04   7:10   1:11 
Mike Komisarek           0  0  0   1  0   0  1  0  0  0  0/0    10:03   0:00   0:00 
Robert Nilsson           0  0  0  -1  6   8  1  0  2  0  16/30  24:30   6:53   0:59 
Ryane Clowe              1  0  1   2  0   2  1  1  0  0  0/0     8:42   0:00   0:00 
Spencer Machacek         0  0  0   0  0   0  3  0  0  0  0/0     5:30   0:19   0:00 
Steve Eminger            0  0  0  -2  0   1  0  1  0  0  0/0    21:01   4:50   3:29 
Tyler Toffoli            0  0  0  -1  0   0  3  0  0  0  2/3    22:58   7:10   4:10 

3 Stars

1 - Ryan Murray (STL)
2 - Ryane Clowe (Van)
3 - Jason Akeson (Van)

Power Play

Blues - 0 on 4 Attempt(s) - 0.00%
Canucks - 0 on 7 Attempt(s) - 0.00%

Penalty Kill

Blues - 7 on 7 Attempt(s) - 100.00% - Score 0 goal in Penalty Kill
Canucks - 4 on 4 Attempt(s) - 100.00% - Score 0 goal in Penalty Kill

Team Stat

Blues - Hits : 17 - Faceoff Wins : 34 - Blocked Shots : 13 - Penalty Minutes : 14
Canucks - Hits : 19 - Faceoff Wins : 30 - Blocked Shots : 5 - Penalty Minutes : 8

Official

Referees : Unknown
Linesman : Unknown

Game Notes

No Game Note

Finance

Level 1 -- Attendance: 5922 (98.70%) -- Ticket Income $491,526
Level 2 -- Attendance: 4795 (95.90%) -- Ticket Income $234,955
Level 3 -- Attendance: 1944 (97.20%) -- Ticket Income $66,096
Level 4 -- Attendance: 3933 (98.33%) -- Ticket Income $66,861
Luxury Box -- Attendance: 1000 (100.00%) -- Ticket Income $98,000
Game was played at the Budweiser Coliseum.
Total Attendance: 17594 (97.74%)
Total Ticket Income: $957,438
Other Income: $143,616
Total Income: $1,101,054

Blues

5 vs 5 Forward 
   Center                   Left Wing                Right Wing               Time % Phy DF OF 
 1 Nicklas Backstrom        David Perron             Jordan Eberle            40     1   2  2  
 2 Ryan O'Reilly            Filip Forsberg           Sergei Shirokov          30     1   2  2  
 3 Drew Shore               Fabian Brunnstrom        Anthony Mantha           20     1   2  2  
 4 Vincent Lecavalier       Jimmy Vesey              Gustav Nyquist           10     1   2  2  

5 vs 5 Defense 
   Defense                  Defense                                           Time % Phy DF OF 
 1 Alex Pietrangelo         Ryan Murray                                       40     1   2  2  
 2 Yann Sauvé               Jake Gardiner                                     30     1   2  2  
 3 Cody Ceci                Shayne Gostisbehere                               20     1   2  2  
 4 Alex Pietrangelo         Jake Gardiner                                     10     1   2  2  

PowerPlay Forward 
   Center                   Left Wing                Right Wing               Time % Phy DF OF 
 1 Nicklas Backstrom        Filip Forsberg           Jordan Eberle            60     1   1  3  
 2 Ryan O'Reilly            David Perron             Sergei Shirokov          40     1   1  3  

PowerPlay Defense
   Defense                  Defense                                           Time % Phy DF OF 
 1 Alex Pietrangelo         Jake Gardiner                                     60     1   2  2  
 2 Shayne Gostisbehere      Ryan Murray                                       40     1   2  2  

Penalty Kill 4 Players Forward 
   Center                   Wing                     Time % Phy DF OF 
 1 Drew Shore               Jordan Eberle            60     1   3  1  
 2 Ryan O'Reilly            David Perron             40     1   3  1  

Penalty Kill 4 Players Defense
   Defense                  Defense                  Time % Phy DF OF 
 1 Yann Sauvé               Cody Ceci                60     2   3  0  
 2 Ryan Murray              Jake Gardiner            40     2   3  0  

Penalty Kill - 3 Players Forward 
   Forward                                           Time % Phy DF OF 
 1 Nicklas Backstrom                                 60     1   2  2  
 2 Jordan Eberle                                     40     1   2  2  

Penalty Kill - 3 Players Defense
   Defense                  Defense                  Time % Phy DF OF 
 1 Alex Pietrangelo         Cody Ceci                60     1   2  2  
 2 Ryan Murray              Yann Sauvé               40     1   2  2  

4 vs 4 Forward 
   Center                   Wing                     Time % Phy DF OF 
 1 Nicklas Backstrom        Jordan Eberle            60     1   2  2  
 2 Ryan O'Reilly            David Perron             40     1   2  2  

4 vs 4 Defense
   Defense                  Defense                  Time % Phy DF OF 
 1 Alex Pietrangelo         Cody Ceci                60     1   2  2  
 2 Jake Gardiner            Yann Sauvé               40     1   2  2  

Last Minutes Offensive
   Center                   Left Wing                Right Wing               Defense                  Defense                  
   Nicklas Backstrom        David Perron             Jordan Eberle            Alex Pietrangelo         Jake Gardiner            

Last Minutes Defensive
   Center                   Left Wing                Right Wing               Defense                  Defense                  
   Drew Shore               David Perron             Jordan Eberle            Yann Sauvé               Cody Ceci                

Goaltenders
Starting : Carey Price              
Backup : Pascal Leclaire          

Extra Forwards
Normal : Sergei Shirokov, Vincent Lecavalier, Ryan O'Reilly - PP : Gustav Nyquist, Nicklas Backstrom - PK : Filip Forsberg
Extra Defensemen
Normal : Shayne Gostisbehere, Cody Ceci, Jake Gardiner - PP : Shayne Gostisbehere - PK : Shayne Gostisbehere, Jake Gardiner
Penalty Shots
David Perron, Jordan Eberle, Filip Forsberg, Vincent Lecavalier, Nicklas Backstrom

Scratches
Simon Gagné (Healthy)

Canucks

5 vs 5 Forward 
   Center                   Left Wing                Right Wing               Time % Phy DF OF 
 1 Robert Nilsson           Loui Eriksson            Tyler Toffoli            40     1   2  2  
 2 Brandon Sutter           Daniel Sedin             Jeremy Morin             30     1   2  2  
 3 James Wright             Ryane Clowe              Jason Akeson             20     1   2  2  
 4 Robert Nilsson           Lane MacDermid           Spencer Machacek         10     1   2  2  

5 vs 5 Defense 
   Defense                  Defense                                           Time % Phy DF OF 
 1 Jamie McBain             Drew Fata                                         40     1   2  2  
 2 Steve Eminger            Andy Rogers                                       30     1   2  2  
 3 Mike Komisarek           Jonathan Blum                                     20     1   2  2  
 4 Jamie McBain             Drew Fata                                         10     1   2  2  

PowerPlay Forward 
   Center                   Left Wing                Right Wing               Time % Phy DF OF 
 1 Robert Nilsson           Loui Eriksson            Tyler Toffoli            60     1   2  2  
 2 Brandon Sutter           Daniel Sedin             Jeremy Morin             40     1   2  2  

PowerPlay Defense
   Defense                  Defense                                           Time % Phy DF OF 
 1 Jamie McBain             Drew Fata                                         60     1   2  2  
 2 Steve Eminger            Andy Rogers                                       40     1   2  2  

Penalty Kill 4 Players Forward 
   Center                   Wing                     Time % Phy DF OF 
 1 Robert Nilsson           Tyler Toffoli            60     1   2  2  
 2 Brandon Sutter           Loui Eriksson            40     1   2  2  

Penalty Kill 4 Players Defense
   Defense                  Defense                  Time % Phy DF OF 
 1 Jamie McBain             Drew Fata                60     1   2  2  
 2 Steve Eminger            Andy Rogers              40     1   2  2  

Penalty Kill - 3 Players Forward 
   Forward                                           Time % Phy DF OF 
 1 Robert Nilsson                                    60     1   2  2  
 2 Tyler Toffoli                                     40     1   2  2  

Penalty Kill - 3 Players Defense
   Defense                  Defense                  Time % Phy DF OF 
 1 Jamie McBain             Drew Fata                60     1   2  2  
 2 Steve Eminger            Andy Rogers              40     1   2  2  

4 vs 4 Forward 
   Center                   Wing                     Time % Phy DF OF 
 1 Robert Nilsson           Tyler Toffoli            60     1   2  2  
 2 Brandon Sutter           Loui Eriksson            40     1   2  2  

4 vs 4 Defense
   Defense                  Defense                  Time % Phy DF OF 
 1 Jamie McBain             Drew Fata                60     1   2  2  
 2 Steve Eminger            Andy Rogers              40     1   2  2  

Last Minutes Offensive
   Center                   Left Wing                Right Wing               Defense                  Defense                  
   Robert Nilsson           Loui Eriksson            Tyler Toffoli            Jamie McBain             Drew Fata                

Last Minutes Defensive
   Center                   Left Wing                Right Wing               Defense                  Defense                  
   Robert Nilsson           Loui Eriksson            Tyler Toffoli            Jamie McBain             Drew Fata                

Goaltenders
Starting : Jacob Markstrom          
Backup : Martin Jones             

Extra Forwards
Normal : Dennis Everberg, Jason Akeson, James Wright - PP : Dennis Everberg, Jason Akeson - PK : James Wright
Extra Defensemen
Normal : Mike Komisarek, Jonathan Blum, Steve Eminger - PP : Mike Komisarek - PK : Jonathan Blum, Steve Eminger
Penalty Shots
Robert Nilsson, Tyler Toffoli, Brandon Sutter, Loui Eriksson, Daniel Sedin

Scratches
Jason Zucker (Healthy)

% Time on Ice - Blues

Lines # - Real PCT - Wanted PCT - Time Play
Normal Forward
1 - 32% - 40% - 12:22
2 - 25% - 30% - 9:39
3 - 25% - 20% - 9:32
4 - 17% - 10% - 6:39
Normal Defense
1 - 43% - 40% - 16:17
2 - 34% - 30% - 12:49
3 - 18% - 20% - 6:56
4 - 6% - 10% - 2:10
PP Forward
1 - 54% - 60% - 4:15
2 - 46% - 40% - 3:39
PP Defense
1 - 62% - 60% - 4:56
2 - 38% - 40% - 2:58
PK Forward
1 - 63% - 60% - 8:47
2 - 37% - 40% - 5:04
PK Defense
1 - 56% - 60% - 7:47
2 - 44% - 40% - 6:04
PK3 Forward
1 - 0% - 60%
2 - 0% - 40%
PK3 Defense
1 - 0% - 60%
2 - 0% - 40%
44 Forward
1 - 100% - 60% - 0:02
2 - 0% - 40% - 0:00
44 Defense
1 - 100% - 60% - 0:02
2 - 0% - 40% - 0:00
Last Minute Offensive  - 0:00
Last Minute Defensive  - 0:01
Total
Forward - 60:00
Defense - 60:00

% Time on Ice - Canucks

Lines # - Real PCT - Wanted PCT - Time Play
Normal Forward
1 - 36% - 40% - 13:50
2 - 27% - 30% - 10:18
3 - 23% - 20% - 8:42
4 - 14% - 10% - 5:11
Normal Defense
1 - 39% - 40% - 15:00
2 - 33% - 30% - 12:39
3 - 26% - 20% - 9:54
4 - 1% - 10% - 0:28
PP Forward
1 - 52% - 60% - 7:10
2 - 48% - 40% - 6:41
PP Defense
1 - 65% - 60% - 9:01
2 - 35% - 40% - 4:50
PK Forward
1 - 87% - 60% - 6:52
2 - 13% - 40% - 1:02
PK Defense
1 - 56% - 60% - 4:25
2 - 44% - 40% - 3:29
PK3 Forward
1 - 0% - 60%
2 - 0% - 40%
PK3 Defense
1 - 0% - 60%
2 - 0% - 40%
44 Forward
1 - 100% - 60% - 0:02
2 - 0% - 40% - 0:00
44 Defense
1 - 100% - 60% - 0:02
2 - 0% - 40% - 0:00
Last Minute Offensive  - 0:12
Last Minute Defensive  - 0:00
Total
Forward - 60:00
Defense - 60:00

Play-by-Play

1st period


0:01 of 1st period - Robert Nilsson wins face-off versus Nicklas Backstrom in neutral zone.
1:17 of 1st period - Wrist shot by Robert Nilsson.
1:17 of 1st period - Shot Blocked by Yann Sauvé.
2:04 of 1st period - Backhand shot by Ryane Clowe.
2:04 of 1st period - Shot Misses the Net.
2:06 of 1st period - Wrist shot by Jamie McBain.
2:06 of 1st period - Shot Misses the Net.
2:08 of 1st period - Snap shot by Ryane Clowe.
2:08 of 1st period - Goal by Ryane Clowe - Blues : 0 - Canucks : 1.
2:09 of 1st period - Robert Nilsson wins face-off versus Nicklas Backstrom in neutral zone.
2:13 of 1st period - Jamie McBain is hit by Nicklas Backstrom and loses puck.
2:16 of 1st period - Snap shot by Loui Eriksson.
2:16 of 1st period - Stopped by Carey Price with a rebound.
2:18 of 1st period - Slapshot by Jamie McBain.
2:18 of 1st period - Stopped by Carey Price with a rebound.
2:41 of 1st period - Snap shot by Brandon Sutter.
2:41 of 1st period - Shot Misses the Net.
2:55 of 1st period - Snap shot by Fabian Brunnstrom.
2:55 of 1st period - Stopped by Jacob Markstrom with a rebound.
3:06 of 1st period - Icing by Ryan Murray.
3:07 of 1st period - Robert Nilsson wins face-off versus Drew Shore in Blues zone.
3:12 of 1st period - Wrist shot by Robert Nilsson.
3:12 of 1st period - Stopped by Carey Price with a rebound.
4:05 of 1st period - Wrist shot by Jason Akeson.
4:05 of 1st period - Shot Misses the Net.
5:07 of 1st period - Wrist shot by Jeremy Morin.
5:07 of 1st period - Stopped by Carey Price without a rebound.
5:08 of 1st period - Nicklas Backstrom wins face-off versus James Wright in Blues zone.
5:17 of 1st period - Snap shot by James Wright.
5:17 of 1st period - Stopped by Carey Price with a rebound.
5:19 of 1st period - Snap shot by James Wright.
5:19 of 1st period - Stopped by Carey Price with a rebound.
5:21 of 1st period - Slapshot by James Wright.
5:21 of 1st period - Shot Misses the Net.
5:23 of 1st period - Snap shot by James Wright.
5:23 of 1st period - Deflect By Jason Akeson.
5:23 of 1st period - Goal by Jason Akeson - Blues : 0 - Canucks : 2.
5:24 of 1st period - Robert Nilsson wins face-off versus Ryan O'Reilly in neutral zone.
5:27 of 1st period - Slapshot by Jamie McBain.
5:27 of 1st period - Shot Misses the Net.
5:40 of 1st period - Minor Penalty to Alex Pietrangelo for Holding.
5:41 of 1st period - Robert Nilsson wins face-off versus Jordan Eberle in Blues zone.
5:45 of 1st period - Snap shot by Robert Nilsson.
5:45 of 1st period - Shot Blocked by Jordan Eberle.
5:49 of 1st period - Wrist shot by Robert Nilsson.
5:49 of 1st period - Deflect By Loui Eriksson.
5:49 of 1st period - Deflect By Drew Shore.
5:49 of 1st period - Shot Misses the Net.
5:49 of 1st period - Puck is out of play.
5:50 of 1st period - Drew Shore wins face-off versus Robert Nilsson in Blues zone.
6:06 of 1st period - Icing by Drew Fata.
6:07 of 1st period - Robert Nilsson wins face-off versus Drew Shore in Canucks zone.
6:19 of 1st period - Snap shot by Robert Nilsson.
6:19 of 1st period - Stopped by Carey Price with a rebound.
6:43 of 1st period - Slapshot by Jamie McBain.
6:43 of 1st period - Shot Misses the Net.
6:45 of 1st period - Slapshot by Drew Fata.
6:45 of 1st period - Shot Misses the Net.
7:04 of 1st period - Off-side.
7:05 of 1st period - Ryan O'Reilly wins face-off versus Brandon Sutter in neutral zone.
7:40 of 1st period - Penalty to Alex Pietrangelo is over, Alex Pietrangelo is back on ice.
8:00 of 1st period - Alex Pietrangelo is hit by Ryane Clowe and loses puck.
8:45 of 1st period - Minor Penalty to Robert Nilsson for Holding.
8:46 of 1st period - Filip Forsberg wins face-off versus James Wright in Canucks zone.
8:49 of 1st period - Slapshot by Alex Pietrangelo.
8:49 of 1st period - Stopped by Jacob Markstrom without a rebound.
8:50 of 1st period - James Wright wins face-off versus Nicklas Backstrom in Canucks zone.
9:25 of 1st period - Snap shot by David Perron.
9:25 of 1st period - Stopped by Jacob Markstrom without a rebound.
9:26 of 1st period - Nicklas Backstrom wins face-off versus Brandon Sutter in Canucks zone.
9:53 of 1st period - Steve Eminger is hit by Sergei Shirokov and loses puck.
10:45 of 1st period - Penalty to Robert Nilsson is over, Robert Nilsson is back on ice.
10:59 of 1st period - Slapshot by Robert Nilsson.
10:59 of 1st period - Shot Misses the Net.
11:09 of 1st period - Snap shot by Robert Nilsson.
11:09 of 1st period - Shot Misses the Net.
11:23 of 1st period - Wrist shot by James Wright.
11:23 of 1st period - Shot Misses the Net.
11:34 of 1st period - Slapshot by Steve Eminger.
11:34 of 1st period - Stopped by Carey Price with a rebound.
11:36 of 1st period - Slapshot by Andy Rogers.
11:36 of 1st period - Shot Blocked by Jimmy Vesey.
11:50 of 1st period - Snap shot by James Wright.
11:50 of 1st period - Shot Misses the Net.
11:52 of 1st period - Slapshot by Steve Eminger.
11:52 of 1st period - Deflect By Robert Nilsson.
11:52 of 1st period - Stopped by Carey Price without a rebound.
11:53 of 1st period - Dennis Everberg wins face-off versus Nicklas Backstrom in Blues zone.
12:22 of 1st period - Minor Penalty to Cody Ceci for Hooking.
12:23 of 1st period - Drew Shore wins face-off versus Robert Nilsson in Blues zone.
14:01 of 1st period - Drew Shore is hit by Daniel Sedin and loses puck.
14:22 of 1st period - Penalty to Cody Ceci is over, Cody Ceci is back on ice.
15:12 of 1st period - Icing by Anthony Mantha.
15:13 of 1st period - Dennis Everberg wins face-off versus Gustav Nyquist in Blues zone.
16:01 of 1st period - Snap shot by Vincent Lecavalier.
16:01 of 1st period - Goal by Vincent Lecavalier - Blues : 1 - Canucks : 2.
16:02 of 1st period - Nicklas Backstrom wins face-off versus Robert Nilsson in neutral zone.
16:11 of 1st period - Wrist shot by Nicklas Backstrom.
16:11 of 1st period - Stopped by Jacob Markstrom without a rebound.
16:12 of 1st period - Robert Nilsson wins face-off versus Nicklas Backstrom in Canucks zone.
16:29 of 1st period - Snap shot by Nicklas Backstrom.
16:29 of 1st period - Shot Misses the Net.
16:31 of 1st period - Snap shot by David Perron.
16:31 of 1st period - Stopped by Jacob Markstrom with a rebound.
16:33 of 1st period - Snap shot by Ryan Murray.
16:33 of 1st period - Deflect By Tyler Toffoli.
16:33 of 1st period - Goal by Ryan Murray - Blues : 2 - Canucks : 2.
16:34 of 1st period - Nicklas Backstrom wins face-off versus Brandon Sutter in neutral zone.
16:37 of 1st period - Snap shot by Jordan Eberle.
16:37 of 1st period - Stopped by Jacob Markstrom without a rebound.
16:38 of 1st period - Nicklas Backstrom wins face-off versus Brandon Sutter in Canucks zone.
17:04 of 1st period - Off-side.
17:05 of 1st period - Robert Nilsson wins face-off versus Ryan O'Reilly in neutral zone.
17:08 of 1st period - Filip Forsberg is hit by Robert Nilsson and loses puck.
17:39 of 1st period - Slapshot by Daniel Sedin.
17:39 of 1st period - Shot Blocked by Jordan Eberle.
17:47 of 1st period - Minor Penalty to David Perron for Hooking.
17:48 of 1st period - Robert Nilsson wins face-off versus Drew Shore in Blues zone.
17:51 of 1st period - Slapshot by Jamie McBain.
17:51 of 1st period - Deflect By Robert Nilsson.
17:51 of 1st period - Stopped by Carey Price without a rebound.
17:52 of 1st period - Robert Nilsson wins face-off versus Drew Shore in Blues zone.
18:19 of 1st period - Jeremy Morin is hit by Filip Forsberg and loses puck.
19:28 of 1st period - Jamie McBain is hit by Jake Gardiner and loses puck.
19:47 of 1st period - Penalty to David Perron is over, David Perron is back on ice.
19:51 of 1st period - Wrist shot by David Perron.
19:51 of 1st period - Stopped by Jacob Markstrom without a rebound.
19:52 of 1st period - James Wright wins face-off versus Vincent Lecavalier in Canucks zone.
Goals for this period are 2 for Blues vs 2 for Canucks.
Shots for this period are 9 for Blues vs 12 for Canucks.

2nd period


0:01 of 2nd period - Robert Nilsson wins face-off versus Nicklas Backstrom in neutral zone.
0:10 of 2nd period - Snap shot by Robert Nilsson.
0:10 of 2nd period - Stopped by Carey Price without a rebound.
0:11 of 2nd period - Robert Nilsson wins face-off versus Nicklas Backstrom in Blues zone.
0:19 of 2nd period - Minor Penalty to Jake Gardiner for Holding.
0:20 of 2nd period - Drew Shore wins face-off versus Robert Nilsson in Blues zone.
0:20 of 2nd period - Jordan Eberle is hit by Tyler Toffoli and loses puck.
0:31 of 2nd period - Slapshot by Jamie McBain.
0:31 of 2nd period - Shot Blocked by Yann Sauvé.
1:01 of 2nd period - Wrist shot by Jeremy Morin.
1:01 of 2nd period - Shot Blocked by Ryan Murray.
1:03 of 2nd period - Snap shot by Daniel Sedin.
1:03 of 2nd period - Deflect By Brandon Sutter.
1:03 of 2nd period - Stopped by Carey Price without a rebound.
1:04 of 2nd period - Brandon Sutter wins face-off versus Drew Shore in Blues zone.
1:09 of 2nd period - Snap shot by Jeremy Morin.
1:09 of 2nd period - Stopped by Carey Price without a rebound.
1:10 of 2nd period - Brandon Sutter wins face-off versus Drew Shore in Blues zone.
1:13 of 2nd period - Snap shot by Jeremy Morin.
1:13 of 2nd period - Stopped by Carey Price with a rebound.
1:15 of 2nd period - Slapshot by Andy Rogers.
1:15 of 2nd period - Stopped by Carey Price with a rebound.
1:17 of 2nd period - Snap shot by Brandon Sutter.
1:17 of 2nd period - Shot Misses the Net.
1:19 of 2nd period - Snap shot by Jeremy Morin.
1:19 of 2nd period - Shot Misses the Net.
1:21 of 2nd period - Snap shot by Andy Rogers.
1:21 of 2nd period - Deflect By Brandon Sutter.
1:21 of 2nd period - Deflect By Shayne Gostisbehere.
1:21 of 2nd period - Stopped by Carey Price without a rebound.
1:22 of 2nd period - Drew Shore wins face-off versus Robert Nilsson in Blues zone.
1:49 of 2nd period - Jeremy Morin is hit by David Perron and loses puck.
2:16 of 2nd period - Minor Penalty to Robert Nilsson for Hooking.
2:17 of 2nd period - Nicklas Backstrom wins face-off versus Dennis Everberg in Canucks zone.
2:19 of 2nd period - Penalty to Jake Gardiner is over, Jake Gardiner is back on ice.
2:37 of 2nd period - Slapshot by Cody Ceci.
2:37 of 2nd period - Stopped by Jacob Markstrom without a rebound.
2:38 of 2nd period - Ryan O'Reilly wins face-off versus James Wright in Canucks zone.
2:43 of 2nd period - Slapshot by Alex Pietrangelo.
2:43 of 2nd period - Shot Blocked by Jamie McBain.
4:16 of 2nd period - Penalty to Robert Nilsson is over, Robert Nilsson is back on ice.
4:40 of 2nd period - Icing by Drew Shore.
4:41 of 2nd period - James Wright wins face-off versus Drew Shore in Blues zone.
4:44 of 2nd period - Wrist shot by Jason Akeson.
4:44 of 2nd period - Shot Blocked by Cody Ceci.
4:54 of 2nd period - Wrist shot by Drew Shore.
4:54 of 2nd period - Stopped by Jacob Markstrom without a rebound.
4:55 of 2nd period - Nicklas Backstrom wins face-off versus Brandon Sutter in Canucks zone.
4:55 of 2nd period - Nicklas Backstrom is hit by Jamie McBain.
4:57 of 2nd period - Wrist shot by David Perron.
4:57 of 2nd period - Stopped by Jacob Markstrom without a rebound.
4:58 of 2nd period - Nicklas Backstrom wins face-off versus Brandon Sutter in Canucks zone.
5:34 of 2nd period - Minor Penalty to Robert Nilsson for Holding.
5:35 of 2nd period - Nicklas Backstrom wins face-off versus James Wright in Canucks zone.
5:41 of 2nd period - Jordan Eberle is hit by Tyler Toffoli.
6:02 of 2nd period - Jamie McBain is hit by Sergei Shirokov and loses puck.
7:33 of 2nd period - Andy Rogers is hit by Nicklas Backstrom and loses puck.
7:34 of 2nd period - Penalty to Robert Nilsson is over, Robert Nilsson is back on ice.
7:50 of 2nd period - Snap shot by Robert Nilsson.
7:50 of 2nd period - Stopped by Carey Price without a rebound.
7:51 of 2nd period - Robert Nilsson wins face-off versus Drew Shore in Blues zone.
7:52 of 2nd period - Slapshot by Spencer Machacek.
7:52 of 2nd period - Shot Misses the Net.
8:11 of 2nd period - Jake Gardiner is hit by Mike Komisarek and loses puck.
8:21 of 2nd period - Icing by Robert Nilsson.
8:22 of 2nd period - Robert Nilsson wins face-off versus Vincent Lecavalier in Canucks zone.
8:29 of 2nd period - Wrist shot by Brandon Sutter.
8:29 of 2nd period - Shot Misses the Net.
8:31 of 2nd period - Slapshot by Jamie McBain.
8:31 of 2nd period - Shot Misses the Net.
8:33 of 2nd period - Snap shot by Daniel Sedin.
8:33 of 2nd period - Deflect By Jeremy Morin.
8:33 of 2nd period - Shot Misses the Net.
8:33 of 2nd period - Puck is out of play.
8:34 of 2nd period - Robert Nilsson wins face-off versus Nicklas Backstrom in Blues zone.
9:22 of 2nd period - Wrist shot by Vincent Lecavalier.
9:22 of 2nd period - Stopped by Jacob Markstrom with a rebound.
9:24 of 2nd period - Slapshot by Yann Sauvé.
9:24 of 2nd period - Stopped by Jacob Markstrom without a rebound.
9:25 of 2nd period - Vincent Lecavalier wins face-off versus James Wright in Canucks zone.
10:21 of 2nd period - Wrist shot by Robert Nilsson.
10:21 of 2nd period - Stopped by Carey Price with a rebound.
10:23 of 2nd period - Snap shot by Andy Rogers.
10:23 of 2nd period - Shot Misses the Net.
10:25 of 2nd period - Snap shot by Robert Nilsson.
10:25 of 2nd period - Shot Misses the Net.
10:27 of 2nd period - Wrist shot by Loui Eriksson.
10:27 of 2nd period - Shot Misses the Net.
10:38 of 2nd period - Slapshot by Ryan Murray.
10:38 of 2nd period - Stopped by Jacob Markstrom with a rebound.
10:40 of 2nd period - Slapshot by Ryan Murray.
10:40 of 2nd period - Deflect By Jamie McBain.
10:40 of 2nd period - Stopped by Jacob Markstrom without a rebound.
10:41 of 2nd period - Brandon Sutter wins face-off versus Drew Shore in Canucks zone.
11:28 of 2nd period - Jonathan Blum is hit by Sergei Shirokov and loses puck.
11:38 of 2nd period - Off-side.
11:39 of 2nd period - Brandon Sutter wins face-off versus Ryan O'Reilly in neutral zone.
12:08 of 2nd period - Snap shot by Alex Pietrangelo.
12:08 of 2nd period - Stopped by Jacob Markstrom with a rebound.
13:20 of 2nd period - Off-side.
13:21 of 2nd period - Nicklas Backstrom wins face-off versus Robert Nilsson in neutral zone.
13:34 of 2nd period - Snap shot by Robert Nilsson.
13:34 of 2nd period - Shot Blocked by Ryan Murray.
13:54 of 2nd period - Wrist shot by James Wright.
13:54 of 2nd period - Shot Misses the Net.
14:00 of 2nd period - Minor Penalty to Filip Forsberg for Hooking.
14:01 of 2nd period - Drew Shore wins face-off versus Robert Nilsson in Blues zone.
14:14 of 2nd period - Snap shot by Loui Eriksson.
14:14 of 2nd period - Stopped by Carey Price with a rebound.
14:36 of 2nd period - Slapshot by Jamie McBain.
14:36 of 2nd period - Stopped by Carey Price with a rebound.
14:38 of 2nd period - Slapshot by Drew Fata.
14:38 of 2nd period - Stopped by Carey Price without a rebound.
14:39 of 2nd period - Tyler Toffoli wins face-off versus Drew Shore in Blues zone.
15:06 of 2nd period - Jake Gardiner is hit by Jeremy Morin and loses puck.
15:13 of 2nd period - Snap shot by Jeremy Morin.
15:13 of 2nd period - Shot Blocked by David Perron.
15:27 of 2nd period - Ryan Murray is hit by Jamie McBain and loses puck.
16:00 of 2nd period - Penalty to Filip Forsberg is over, Filip Forsberg is back on ice.
16:30 of 2nd period - Fabian Brunnstrom is hit by Spencer Machacek and loses puck.
17:09 of 2nd period - Slapshot by Alex Pietrangelo.
17:09 of 2nd period - Stopped by Jacob Markstrom without a rebound.
17:10 of 2nd period - Vincent Lecavalier wins face-off versus Dennis Everberg in Canucks zone.
17:35 of 2nd period - Jake Gardiner is hit by Spencer Machacek and loses puck.
17:40 of 2nd period - Wrist shot by Lane MacDermid.
17:40 of 2nd period - Stopped by Carey Price without a rebound.
17:41 of 2nd period - Nicklas Backstrom wins face-off versus Robert Nilsson in Blues zone.
17:51 of 2nd period - Icing by Alex Pietrangelo.
17:52 of 2nd period - Nicklas Backstrom wins face-off versus Robert Nilsson in Blues zone.
17:52 of 2nd period - Nicklas Backstrom is hit by Jamie McBain.
18:06 of 2nd period - Slapshot by Jamie McBain.
18:06 of 2nd period - Stopped by Carey Price with a rebound.
18:12 of 2nd period - Slapshot by Nicklas Backstrom.
18:12 of 2nd period - Deflect By David Perron.
18:12 of 2nd period - Shot Misses the Net.
18:12 of 2nd period - Puck is out of play.
18:13 of 2nd period - Ryan O'Reilly wins face-off versus Brandon Sutter in Canucks zone.
18:14 of 2nd period - Slapshot by Sergei Shirokov.
18:14 of 2nd period - Shot Misses the Net.
18:16 of 2nd period - Snap shot by Yann Sauvé.
18:16 of 2nd period - Shot Blocked by Steve Eminger.
18:22 of 2nd period - Wrist shot by Filip Forsberg.
18:22 of 2nd period - Goal by Filip Forsberg - Blues : 3 - Canucks : 2.
18:23 of 2nd period - Tyler Toffoli wins face-off versus Nicklas Backstrom in neutral zone.
18:23 of 2nd period - Jamie McBain is hit by Jordan Eberle and loses puck.
18:49 of 2nd period - Brandon Sutter is hit by Sergei Shirokov and loses puck.
19:20 of 2nd period - Slapshot by Alex Pietrangelo.
19:20 of 2nd period - Deflect By Fabian Brunnstrom.
19:20 of 2nd period - Shot Blocked by Ryane Clowe.
19:20 of 2nd period - Puck is out of play.
19:21 of 2nd period - Nicklas Backstrom wins face-off versus Robert Nilsson in Canucks zone.
Goals for this period are 1 for Blues vs 0 for Canucks.
Shots for this period are 10 for Blues vs 13 for Canucks.

3rd period


0:01 of 3rd period - Robert Nilsson wins face-off versus David Perron in neutral zone.
0:04 of 3rd period - Slapshot by Jamie McBain.
0:04 of 3rd period - Shot Misses the Net.
0:14 of 3rd period - Snap shot by Jordan Eberle.
0:14 of 3rd period - Shot Misses the Net.
0:16 of 3rd period - Wrist shot by Jordan Eberle.
0:16 of 3rd period - Shot Hit the Post.
0:34 of 3rd period - Snap shot by Filip Forsberg.
0:34 of 3rd period - Stopped by Jacob Markstrom without a rebound.
0:35 of 3rd period - Jordan Eberle wins face-off versus Brandon Sutter in Canucks zone.
0:48 of 3rd period - Snap shot by Jeremy Morin.
0:48 of 3rd period - Stopped by Carey Price with a rebound.
2:03 of 3rd period - Snap shot by Nicklas Backstrom.
2:03 of 3rd period - Stopped by Jacob Markstrom without a rebound.
2:04 of 3rd period - Drew Shore wins face-off versus Robert Nilsson in Canucks zone.
2:07 of 3rd period - Wrist shot by Fabian Brunnstrom.
2:07 of 3rd period - Deflect By Drew Shore.
2:07 of 3rd period - Shot Misses the Net.
2:07 of 3rd period - Puck is out of play.
2:08 of 3rd period - Drew Shore wins face-off versus Robert Nilsson in Canucks zone.
2:25 of 3rd period - Ryan Murray is hit by Loui Eriksson and loses puck.
4:12 of 3rd period - Wrist shot by Drew Shore.
4:12 of 3rd period - Stopped by Jacob Markstrom without a rebound.
4:13 of 3rd period - Nicklas Backstrom wins face-off versus Brandon Sutter in Canucks zone.
4:40 of 3rd period - Ryan O'Reilly is hit by James Wright and loses puck.
4:55 of 3rd period - Minor Penalty to Sergei Shirokov for Tripping.
4:56 of 3rd period - Brandon Sutter wins face-off versus Ryan O'Reilly in Blues zone.
5:46 of 3rd period - Off-side.
5:47 of 3rd period - Ryan O'Reilly wins face-off versus Tyler Toffoli in neutral zone.
6:55 of 3rd period - Penalty to Sergei Shirokov is over, Sergei Shirokov is back on ice.
7:11 of 3rd period - Slapshot by Jake Gardiner.
7:11 of 3rd period - Stopped by Jacob Markstrom with a rebound.
7:36 of 3rd period - Minor Penalty to James Wright for Elbowing.
7:37 of 3rd period - David Perron wins face-off versus Robert Nilsson in Canucks zone.
8:07 of 3rd period - Tyler Toffoli is hit by Nicklas Backstrom and loses puck.
9:36 of 3rd period - Penalty to James Wright is over, James Wright is back on ice.
9:41 of 3rd period - Snap shot by Drew Shore.
9:41 of 3rd period - Shot Misses the Net.
9:43 of 3rd period - Slapshot by Yann Sauvé.
9:43 of 3rd period - Shot Blocked by Andy Rogers.
10:03 of 3rd period - Snap shot by Daniel Sedin.
10:03 of 3rd period - Shot Blocked by Fabian Brunnstrom.
10:19 of 3rd period - Wrist shot by James Wright.
10:19 of 3rd period - Shot Misses the Net.
10:27 of 3rd period - Snap shot by James Wright.
10:27 of 3rd period - Shot Blocked by Cody Ceci.
10:29 of 3rd period - Snap shot by Robert Nilsson.
10:29 of 3rd period - Shot Blocked by Cody Ceci.
10:31 of 3rd period - Wrist shot by James Wright.
10:31 of 3rd period - Stopped by Carey Price with a rebound.
10:33 of 3rd period - Snap shot by James Wright.
10:33 of 3rd period - Deflect By Daniel Sedin.
10:33 of 3rd period - Shot Misses the Net.
10:33 of 3rd period - Puck is out of play.
10:34 of 3rd period - Nicklas Backstrom wins face-off versus Dennis Everberg in Blues zone.
10:40 of 3rd period - Wrist shot by Ryane Clowe.
10:40 of 3rd period - Stopped by Carey Price with a rebound.
11:00 of 3rd period - Jamie McBain is hit by Filip Forsberg and loses puck.
11:09 of 3rd period - Wrist shot by Lane MacDermid.
11:09 of 3rd period - Stopped by Carey Price without a rebound.
11:10 of 3rd period - James Wright wins face-off versus Ryan O'Reilly in Blues zone.
11:15 of 3rd period - Snap shot by Jason Akeson.
11:15 of 3rd period - Shot Blocked by Yann Sauvé.
11:17 of 3rd period - Wrist shot by Jason Akeson.
11:17 of 3rd period - Shot Misses the Net.
11:19 of 3rd period - Snap shot by Jason Akeson.
11:19 of 3rd period - Shot Misses the Net.
11:37 of 3rd period - Jamie McBain is hit by Jake Gardiner and loses puck.
11:58 of 3rd period - Anthony Mantha is hit by Jason Akeson and loses puck.
12:09 of 3rd period - Alex Pietrangelo is hit by Spencer Machacek.
14:18 of 3rd period - Wrist shot by Jeremy Morin.
14:18 of 3rd period - Shot Misses the Net.
14:28 of 3rd period - Backhand shot by Robert Nilsson.
14:28 of 3rd period - Stopped by Carey Price with a rebound.
15:32 of 3rd period - Robert Nilsson is hit by Jake Gardiner and loses puck.
16:55 of 3rd period - Snap shot by Fabian Brunnstrom.
16:55 of 3rd period - Shot Misses the Net.
16:57 of 3rd period - Slapshot by Shayne Gostisbehere.
16:57 of 3rd period - Deflect By Fabian Brunnstrom.
16:57 of 3rd period - Shot Blocked by Drew Fata.
16:57 of 3rd period - Puck is out of play.
16:58 of 3rd period - Nicklas Backstrom wins face-off versus Brandon Sutter in Canucks zone.
16:59 of 3rd period - Wrist shot by David Perron.
16:59 of 3rd period - Stopped by Jacob Markstrom without a rebound.
17:00 of 3rd period - Brandon Sutter wins face-off versus Nicklas Backstrom in Canucks zone.
17:10 of 3rd period - Snap shot by Daniel Sedin.
17:10 of 3rd period - Stopped by Carey Price with a rebound.
17:12 of 3rd period - Backhand shot by Andy Rogers.
17:12 of 3rd period - Stopped by Carey Price with a rebound.
17:26 of 3rd period - Robert Nilsson is hit by Fabian Brunnstrom.
17:39 of 3rd period - Minor Penalty to Anthony Mantha for Holding.
17:40 of 3rd period - Drew Shore wins face-off versus Robert Nilsson in Blues zone.
17:40 of 3rd period - Drew Shore is hit by Tyler Toffoli.
18:53 of 3rd period - Drew Fata is hit by Yann Sauvé and loses puck.
19:06 of 3rd period - David Perron is hit by Daniel Sedin and loses puck.
19:35 of 3rd period - Tyler Toffoli is hit by David Perron and loses puck.
19:39 of 3rd period - Penalty to Anthony Mantha is over, Anthony Mantha is back on ice.
19:54 of 3rd period - Canucks, Jacob Markstrom is pulled from the net.
19:58 of 3rd period - Wrist shot by Jason Akeson.
19:58 of 3rd period - Stopped by Carey Price without a rebound.
19:59 of 3rd period - Peter Laviolette call a timeout for Canucks.
19:59 of 3rd period - Drew Shore wins face-off versus Dennis Everberg in Blues zone.
19:59 of 3rd period - Drew Shore is hit by Jonathan Blum.
Goals for this period are 0 for Blues vs 0 for Canucks.
Shots for this period are 5 for Blues vs 8 for Canucks.